AoeStats
← danjo

Black Forest

504966392Analyzed
1v1 RM · 26d ago on Sep 7, 2026· 40m 46s· 2 players
Game mode
Random Map
Map size
Tiny (2 player)
Population
200
Speed
Normal
Resources
Standard
Victory
Conquest
Starting age
Dark Age
Ending age
Imperial Age
RankedLock teamsTeams togetherTeam positionsShared explorationLock speedFull tech treeHidden civsTurbo modeCheats
Victory
Defeat
🇩🇪 Malians · Germany
1016
+15
🇮🇩 Japanese · Indonesia
995
-15
Muted TY
7:22 Loom
11:00 Feudal Age
15:37 Castle Age
13:56 Double-Bit Axe
13:53 Horse Collar
25:09 Scale Mail Armor
31:31 Bow Saw
33:56 Wheelbarrow
37:55 Imperial Age
36:32 Ballistics
36:48 Crossbowman
39:02 Conscription
39:20 Hoardings
39:21 Hand Cart
39:05 Arbalester
39:51 Thumb Ring
40:55 Padded Archer Armor
40:46 Fletching
danjo
11:59 Feudal Age
16:03 Castle Age
14:29 Double-Bit Axe
23:54 Murder Holes
24:30 Fletching
29:58 Bodkin Arrow
35:04 Imperial Age
32:26 Loom
32:47 Horse Collar
34:42 Scale Mail Armor
34:40 Gold Mining
35:24 Forging
36:17 Conscription
36:38 Wheelbarrow
37:17 Chain Mail Armor
38:34 Plate Mail Armor
38:41 Iron Casting
38:53 Conscription
38:32 Elite Gbeto
Connection lost

Rejoining the realm…

Still unreachable

The connection could not be restored.

Session expired

The server has moved on; the page needs a fresh start.